 Dungeon Crawl Stone Soup version 0.28.0-45-g0d030f2227 (webtiles) character file.

Game seed: 905980608826546644

8 RatCamp the Thaumaturge (level 2, -1/23 HPs)
             Began as a Gnoll Wanderer on Apr 28, 2022.
             Slain by a goblin
             ... wielding a +0 dagger
              (2 damage)
             ... on level 1 of the Dungeon.
             The game lasted 00:00:40 (267 turns).

RatCamp the Thaumaturge (Gnoll Wanderer)             Turns: 267, Time: 00:00:41

Health: -1/23      AC:  2    Str: 10    XL:     2   Next: 8%
Magic:  10/12      EV: 11    Int: 13    God:
Gold:   13         SH:  4    Dex: 10    Spells: 18/19 levels left

rFire   . . .      SeeInvis .   a - +2 dagger
rCold   . . .      Faith    .   c - +0 buckler
rNeg    . . .      Spirit   .   d - +0 robe
rPois   .          Reflect  .   (no helmet)
rElec   .          Harm     .   (no cloak)
rCorr   .          Rampage  .   (no gloves)
Will    .....                   (no boots)
Stlth   +.........              (no amulet)
HPRegen 0.07/turn               (no ring)
MPRegen 0.13/turn               (no ring)

@: no status effects
A: fangs 1, strong nose, distributed training
a: no special abilities


You were on level 1 of the Dungeon.
You visited 1 branch of the dungeon, and saw 1 of its levels.

You collected 13 gold pieces.

Inventory:

Hand Weapons
 a - a +2 dagger (weapon)
Missiles
 b - 3 curare-tipped darts (quivered)
Armour
 c - a +0 buckler (worn)
 d - a +0 robe (worn)
Potions
 e - 2 potions of degeneration {unknown}


   Skills:
 + Level 2.4 Fighting
 + Level 0.2 Short Blades
 + Level 0.2 Long Blades
 + Level 0.2 Axes
 + Level 0.2 Maces & Flails
 + Level 0.2 Polearms
 + Level 0.2 Staves
 + Level 0.2 Slings
 + Level 0.2 Bows
 + Level 0.2 Crossbows
 + Level 4.4 Throwing
 + Level 0.2 Armour
 + Level 0.2 Dodging
 + Level 0.2 Stealth
 + Level 4.4 Shields
 + Level 0.2 Unarmed Combat
 + Level 9.2 Spellcasting
 + Level 0.1 Conjurations
 + Level 0.1 Hexes
 + Level 0.1 Summonings
 + Level 0.1 Necromancy
 + Level 0.1 Translocations
 + Level 0.1 Transmutations
 + Level 0.1 Fire Magic
 + Level 0.1 Ice Magic
 + Level 0.1 Air Magic
 + Level 0.1 Earth Magic
 + Level 0.1 Poison Magic
 + Level 0.3 Invocations
 + Level 2.4 Evocations


You had 18 spell levels left.
You knew the following spells:

 Your Spells              Type           Power      Damage    Failure   Level
a - Slow                  Hex            24%        N/A       14%         1

Your spell library contained the following spells:

 Spells                   Type           Power      Damage    Failure   Level
 Inner Flame              Hex/Fire       6%         N/A       41%         3


Dungeon Overview and Level Annotations

Branches:
Dungeon (1/15)

Altars:


Innate Abilities, Weirdness & Mutations

You have very sharp teeth.
Your uncanny sense of smell can sniff out nearby items.
Your experience applies equally to all skills.


Message History

The hobgoblin is heavily wounded.
You block the kobold's attack. The hobgoblin hits you.
You hit the hobgoblin.
The hobgoblin is almost dead.
The kobold closely misses you. The hobgoblin misses you.
You closely miss the hobgoblin.
The hobgoblin is almost dead.
The kobold hits you but does no damage. The goblin hits you with a +0 dagger.
The hobgoblin hits you but does no damage.
You are too injured to fight recklessly!
Sorry, you're not good enough to have a special ability.
Casting: Slow (safe; 14% risk of failure)
Confirm with . or Enter, or press ? or * to list all spells.
Aiming: Slow (safe; 14% risk of failure)
Press: ? - help, Shift-Dir - straight line, f - hobgoblin
Aim: a hobgoblin (almost dead, chance to affect: 61%)
The hobgoblin seems to slow down.
The kobold hits you with a +0 short sword.
The goblin misses you.
You hit the hobgoblin.
You kill the hobgoblin!
The kobold closely misses you. The goblin hits you but does no damage.
You have reached level 2!
You hit the kobold. You bite the kobold, but do no damage.
The kobold is heavily wounded.
The kobold barely misses you. You block the goblin's attack.
You hit the kobold.
You kill the kobold!
The goblin hits you with a +0 dagger.
You hit the goblin but do no damage. Your bite misses the goblin.
The goblin hits you with a +0 dagger.
* * * LOW HITPOINT WARNING * * *
You hit the goblin.
The goblin is severely wounded.
The goblin hits you with a +0 dagger.
* * * LOW HITPOINT WARNING * * *
You miss the goblin.
The goblin is severely wounded.
The goblin hits you with a +0 dagger.
You die...

#######......# ∆.....#
..............# ....>
..[..........#.
....##........#...#..
................#...
#:....#####...##....
#........##...######
#..)g.$..##...######
#.#..@................
#.....................
##....................
#....................
#....................
#^...................
#....................
#....................
#....................


You could see a goblin.

Vanquished Creatures
  A ball python (D:1)
  An endoplasm (D:1)
  2 hobgoblins (D:1)
  2 kobolds (D:1)
6 creatures vanquished.

Notes
Turn   | Place    | Note
-------+----------+-------------------------------------------
     0 | D:1      | Reached skill level 9 in Spellcasting
     0 | D:1      | RatCamp the Gnoll Wanderer began the quest for the Orb.
     0 | D:1      | RatCamp set off with the following items: a +2 dagger, 3
                  | curare-tipped darts, a +0 buckler, a +0 robe; and the
                  | following spell memorised: Slow; and the following spells
                  | available to memorise: Inner Flame
     0 | D:1      | Reached XP level 1. HP: 17/17 MP: 10/10
   263 | D:1      | Reached XP level 2. HP: 8/23 MP: 10/12
   266 | D:1      | HP: 1/23 [goblin/+0 dagger (3)]
   267 | D:1      | Slain by a goblin

Illustrated notes

Levels and vault maps discovered:
D:1:      dpeg_arrival_rhombus, layout_basic, wad_floor_pattern_2,
          hangedman_decor_slide_cut, serial_park_tiny_1

Skill      XL: | |
---------------+-+-----
Spellcasting   | |  9.2
Fighting       | |  2.4
Short Blades   | |  0.2
Long Blades    | |  0.2
Axes           | |  0.2
Maces & Flails | |  0.2
Polearms       | |  0.2
Staves         | |  0.2
Slings         | |  0.2
Bows           | |  0.2
Crossbows      | |  0.2
Throwing       | |  4.4
Armour         | |  0.2
Dodging        | |  0.2
Stealth        | |  0.2
Shields        | |  4.4
Unarmed Combat | |  0.2
Conjurations   | |  0.1
Hexes          | |  0.1
Summonings     | |  0.1
Necromancy     | |  0.1
Translocations | |  0.1
Transmutations | |  0.1
Fire Magic     | |  0.1
Ice Magic      | |  0.1
Air Magic      | |  0.1
Earth Magic    | |  0.1
Poison Magic   | |  0.1
Invocations    | |  0.3
Evocations     | |  2.4

Action                   || total
-------------------------++-------
Melee: Dagger            ||    27
       Bite              ||     2
 Cast: Slow              ||     1
Armor: Robe              ||     3
Dodge: Dodged            ||    14
Block: Buckler           ||     7
